[ PARTIDA AOE2 · #476023615 ]
UnrankedPersas vs Maya
Equipo del jugador · DERR
[ ANÁLISIS DE REPETICIÓN · EXTRAÍDO DE LA PARTIDA GRABADA ]
Feudal
—
Castillos
—
Imperial
—
| APM promedio | 49.0 |
| APM pico | 77 |
| eAPM promedio | 21.7 |
| Aldeanos / militares | 9 / 0 |
Foco
⚔️ 33.3% · 🌾 66.7%
Feudal
—
Castillos
—
Imperial
—
| APM promedio | 25.8 |
| APM pico | 38 |
| eAPM promedio | 10.2 |
| Aldeanos / militares | 9 / 0 |
Foco
⚔️ 12.9% · 🌾 87.1%
Feudal
—
Castillos
—
Imperial
—
| APM promedio | 43.8 |
| APM pico | 67 |
| eAPM promedio | 36.3 |
| Aldeanos / militares | 15 / 0 |
Foco
⚔️ 36.0% · 🌾 64.0%
Feudal
—
Castillos
—
Imperial
—
| APM promedio | 25.1 |
| APM pico | 43 |
| eAPM promedio | 17.5 |
| Aldeanos / militares | 13 / 0 |
Foco
⚔️ 31.1% · 🌾 68.9%
Feudal
—
Castillos
—
Imperial
—
| APM promedio | 54.3 |
| APM pico | 74 |
| eAPM promedio | 19.5 |
| Aldeanos / militares | 21 / 0 |
Foco
⚔️ 39.4% · 🌾 60.6%
Feudal
—
Castillos
—
Imperial
—
| APM promedio | 42.4 |
| APM pico | 57 |
| eAPM promedio | 22.2 |
| Aldeanos / militares | 17 / 0 |
Foco
⚔️ 23.1% · 🌾 76.9%
Feudal
—
Castillos
—
Imperial
—
| APM promedio | 49.4 |
| APM pico | 76 |
| eAPM promedio | 19.7 |
| Aldeanos / militares | 11 / 0 |
Foco
⚔️ 25.0% · 🌾 75.0%
Feudal
—
Castillos
—
Imperial
—
| APM promedio | 29.7 |
| APM pico | 45 |
| eAPM promedio | 18.5 |
| Aldeanos / militares | 12 / 0 |
Foco
⚔️ 0.0% · 🌾 100.0%
Mapa de la partida
Recursos iniciales + cada clic de construcción. Líneas = muros · curvas = relieve. ◆ oro · ⬟ piedra · ● bayas · ✦ reliquia · ◌ hueco del cierre
Tu base
Base de Ashwath
Base de pienus23
Base de Nobody
Base de [Marty]MeguminEY
Base de Catastrophic
Base de trói em vào cột điện
Base de Theodorgebre
Terreno inicial suavizado · ◌ = hueco del cierre detectado · pasá el cursor para detalles
Inputs por minuto
— Clemente - - Ashwath
Build order — Clemente
14 acciones detectadas en el replay
| 0:02 | Crear | Villager (Male) |
| 0:02 | Crear | Villager (Male) |
| 0:02 | Crear | Villager (Male) |
| 0:03 | Construir | House |
| 0:05 | Construir | House |
| 0:27 | Crear | Villager (Male) |
| 0:37 | Crear | Villager (Male) |
| 1:16 | Crear | Villager (Male) |
| 1:47 | Construir | Lumber Camp |
| 1:51 | Crear | Villager (Male) |
| 2:30 | Construir | House |
| 2:36 | Crear | Villager (Male) |
| 3:01 | Crear | Villager (Male) |
| 3:05 | Construir | House |
Build order — Ashwath
13 acciones detectadas en el replay
| 0:02 | Investigar | Loom |
| 0:05 | Construir | House |
| 0:08 | Construir | House |
| 0:12 | Crear | Villager (Male) |
| 0:12 | Crear | Villager (Male) |
| 0:12 | Crear | Villager (Male) |
| 1:37 | Crear | Villager (Male) |
| 1:51 | Construir | Lumber Camp |
| 2:02 | Crear | Villager (Male) |
| 2:17 | Crear | Villager (Male) |
| 2:50 | Crear | Villager (Male) |
| 3:20 | Crear | Villager (Male) |
| 3:57 | Crear | Villager (Male) |
Build order — pienus23
31 acciones detectadas en el replay
| 0:02 | Crear | Villager (Male) |
| 0:02 | Crear | Villager (Male) |
| 0:03 | Construir | House |
| 0:04 | Construir | House |
| 0:23 | Investigar | Loom |
| 0:24 | Crear | Villager (Male) |
| 0:29 | Construir | Palisade Wall |
| 0:35 | Crear | Villager (Male) |
| 0:35 | Crear | Villager (Male) |
| 0:36 | Crear | Villager (Male) |
| 0:59 | Construir | House |
| 1:16 | Construir | Palisade Wall |
| 1:20 | Construir | Palisade Wall |
| 1:25 | Construir | Palisade Wall |
| 1:26 | Construir | Palisade Wall |
| 1:48 | Construir | Palisade Wall |
| 1:52 | Construir | Palisade Wall |
| 2:07 | Construir | Palisade Wall |
| 2:09 | Construir | Palisade Wall |
| 2:11 | Crear | Villager (Male) |
| 2:11 | Crear | Villager (Male) |
| 2:30 | Crear | Villager (Male) |
| 2:30 | Crear | Villager (Male) |
| 2:38 | Construir | Lumber Camp |
| 2:43 | Construir | Lumber Camp |
| 3:07 | Construir | Palisade Wall |
| 3:08 | Crear | Villager (Male) |
| 3:09 | Crear | Villager (Male) |
| 3:09 | Crear | Villager (Male) |
| 3:38 | Crear | Villager (Male) |
| 3:39 | Crear | Villager (Male) |
Build order — Nobody
28 acciones detectadas en el replay
| 0:01 | Crear | Villager (Male) |
| 0:02 | Crear | Villager (Male) |
| 0:02 | Crear | Villager (Male) |
| 0:02 | Crear | Villager (Male) |
| 0:04 | Construir | House |
| 0:05 | Construir | House |
| 0:25 | Investigar | Loom |
| 0:25 | Investigar | Loom |
| 0:48 | Construir | Palisade Wall |
| 0:52 | Crear | Villager (Male) |
| 0:52 | Crear | Villager (Male) |
| 0:52 | Crear | Villager (Male) |
| 1:13 | Construir | Palisade Wall |
| 1:20 | Construir | Palisade Wall |
| 1:25 | Construir | Palisade Wall |
| 1:47 | Construir | Lumber Camp |
| 1:53 | Construir | Palisade Wall |
| 2:15 | Crear | Villager (Male) |
| 2:16 | Crear | Villager (Male) |
| 2:41 | Construir | Palisade Wall |
| 2:54 | Construir | Palisade Wall |
| 3:00 | Construir | Palisade Wall |
| 3:05 | Crear | Villager (Male) |
| 3:05 | Crear | Villager (Male) |
| 3:11 | Construir | Palisade Wall |
| 3:33 | Crear | Villager (Male) |
| 3:33 | Crear | Villager (Male) |
| 3:45 | Construir | Palisade Wall |
Build order — [Marty]MeguminEY
12 acciones detectadas en el replay
| 0:07 | Crear | Villager (Male) ×5 |
| 0:07 | Crear | Villager (Male) ×5 |
| 0:07 | Crear | Villager (Male) ×5 |
| 0:08 | Construir | House |
| 0:11 | Construir | House |
| 1:21 | Crear | Villager (Male) |
| 2:11 | Crear | Villager (Male) |
| 2:11 | Crear | Villager (Male) |
| 2:23 | Construir | Lumber Camp |
| 2:27 | Crear | Villager (Male) |
| 2:45 | Crear | Villager (Male) |
| 2:45 | Crear | Villager (Male) |
Build order — Catastrophic
23 acciones detectadas en el replay
| 0:00 | Crear | Villager (Male) |
| 0:00 | Crear | Villager (Male) |
| 0:01 | Crear | Villager (Male) |
| 0:01 | Crear | Villager (Male) |
| 0:03 | Construir | House |
| 0:04 | Construir | House |
| 0:13 | Investigar | Loom |
| 0:21 | Crear | Villager (Male) |
| 0:21 | Crear | Villager (Male) |
| 0:22 | Crear | Villager (Male) |
| 0:22 | Crear | Villager (Male) |
| 0:38 | Construir | Palisade Wall |
| 0:54 | Construir | Palisade Wall |
| 1:34 | Construir | Lumber Camp |
| 1:47 | Crear | Villager (Male) |
| 1:47 | Crear | Villager (Male) |
| 2:28 | Crear | Villager (Male) |
| 2:28 | Crear | Villager (Male) |
| 3:05 | Crear | Villager (Male) |
| 3:05 | Crear | Villager (Male) |
| 3:05 | Crear | Villager (Male) |
| 3:39 | Crear | Villager (Male) |
| 3:39 | Crear | Villager (Male) |
Build order — trói em vào cột điện
17 acciones detectadas en el replay
| 0:03 | Crear | Villager (Male) |
| 0:04 | Crear | Villager (Male) |
| 0:05 | Construir | House |
| 0:06 | Construir | House |
| 0:12 | Crear | Villager (Male) |
| 0:13 | Crear | Villager (Male) |
| 1:26 | Crear | Villager (Male) |
| 1:26 | Crear | Villager (Male) |
| 1:41 | Crear | Villager (Male) |
| 1:41 | Crear | Villager (Male) |
| 1:51 | Construir | Palisade Wall |
| 1:52 | Construir | Palisade Wall |
| 2:14 | Crear | Villager (Male) |
| 2:24 | Construir | Lumber Camp |
| 3:00 | Investigar | Loom |
| 3:00 | Crear | Villager (Male) |
| 3:06 | Crear | Villager (Male) |
Build order — Theodorgebre
16 acciones detectadas en el replay
| 0:04 | Crear | Villager (Male) |
| 0:05 | Crear | Villager (Male) |
| 0:05 | Crear | Villager (Male) |
| 0:05 | Crear | Villager (Male) |
| 0:06 | Construir | House |
| 0:08 | Construir | House |
| 1:29 | Crear | Villager (Male) |
| 1:29 | Crear | Villager (Male) |
| 1:49 | Construir | Lumber Camp |
| 1:56 | Crear | Villager (Male) |
| 2:36 | Crear | Villager (Male) |
| 2:36 | Crear | Villager (Male) |
| 3:00 | Crear | Villager (Male) |
| 3:00 | Crear | Villager (Male) |
| 3:08 | Construir | House |
| 3:37 | Crear | Villager (Male) |
Cronología de la partida
| 0:29 | pienus23 · wall_segment Palisade Wall x8 |
| 0:38 | Catastrophic · wall_segment Palisade Wall x9 |
| 0:48 | Nobody · wall_segment Palisade Wall x1 |
| 0:54 | Catastrophic · wall_segment Palisade Wall x1 |
| 1:13 | Nobody · wall_segment Palisade Wall x1 |
| 1:16 | pienus23 · wall_segment Palisade Wall x1 |
| 1:20 | Nobody · wall_segment Palisade Wall x1 |
| 1:20 | pienus23 · wall_segment Palisade Wall x1 |
| 1:25 | pienus23 · wall_segment Palisade Wall x2 |
| 1:25 | Nobody · wall_segment Palisade Wall x1 |
| 1:26 | pienus23 · wall_segment Palisade Wall x1 |
| 1:48 | pienus23 · wall_segment Palisade Wall x1 |
| 1:51 | trói em vào cột điện · wall_segment Palisade Wall x9 |
| 1:52 | pienus23 · wall_segment Palisade Wall x1 |
| 1:52 | trói em vào cột điện · wall_segment Palisade Wall x1 |
| 1:53 | Nobody · wall_segment Palisade Wall x1 |
| 2:07 | pienus23 · wall_segment Palisade Wall x3 |
| 2:09 | pienus23 · wall_segment Palisade Wall x1 |
| 2:41 | Nobody · wall_segment Palisade Wall x1 |
| 2:54 | Nobody · wall_segment Palisade Wall x1 |
| 3:00 | Nobody · wall_segment Palisade Wall x1 |
| 3:07 | pienus23 · wall_segment Palisade Wall x1 |
| 3:11 | Nobody · wall_segment Palisade Wall x4 |
| 3:20 | Clemente · resign |
| 3:45 | Nobody · wall_segment Palisade Wall x2 |
[ ANÁLISIS IA · 1 CRÉDITO ]
¿Qué pasó realmente en esta partida?
Wolo.gg analiza cada decisión: build order, eco, micro, errores típicos por bracket. Análisis personalizado por WhatsApp o Discord en 30 segundos.
Guía civ
Persas
Perfil
Jugador #2383543